 Dungeon Crawl Stone Soup version 0.22.1-2-g9c5b331 (webtiles) character file.

814 Fang the Chopper (level 7, -8/66 HPs)
             Began as a Gargoyle Berserker on Dec 18, 2018.
             Was an Elder of Trog.
             Mangled by an ogre
             ... wielding a +0 giant spiked club
              (13 damage)
             ... on level 4 of the Dungeon.
             The game lasted 00:04:03 (3473 turns).

Fang the Chopper (Gargoyle Berserker)               Turns: 3473, Time: 00:04:03

Health: -8/66      AC: 14    Str: 27    XL:     7   Next: 93%
Magic:  7/7        EV:  9    Int:  8    God:    Trog [****..]
Gold:   112        SH:  0    Dex:  9    Spells: 6/6 levels left

rFire    . . .     SeeInvis .   s - +0 war axe
rCold    . . .     Gourm    .   (no shield)
rNeg     + . .     Faith    .   m - +0 chain mail
rPois    ∞         Spirit   .   (no helmet)
rElec    +         Reflect  .   (no cloak)
rCorr    .         Harm     .   (no gloves)
MR       .....                  (no boots)
Stlth    ..........             (no amulet)
HPRegen  0.21/turn              (no ring)
MPRegen  0.10/turn              (no ring)

@: berserking, starving, very quick
A: negative energy resistance 1, electricity resistance, unbreathing,
petrification resistance, rot immunity, AC +4
a: Berserk, Trog's Hand, Brothers in Arms, Renounce Religion


You were on level 4 of the Dungeon.
You worshipped Trog.
Trog was greatly pleased with you.
You were starving.

You visited 1 branch of the dungeon, and saw 4 of its levels.

You collected 112 gold pieces.

Inventory:

Hand Weapons
 s - a +0 war axe (weapon)
Armour
 m - a +0 chain mail (worn)
Jewellery
 q - an uncursed amulet of the acrobat {unknown}
Scrolls
 b - 2 scrolls of teleportation {unknown}
 f - a scroll of remove curse {unknown}
 h - a scroll of enchant weapon {unknown}
 i - a scroll of fog {unknown}
 k - a scroll of enchant armour {unknown}
 l - 6 scrolls of identify {unknown}
 o - a scroll of magic mapping {unknown}
 t - a scroll of amnesia {unknown}
Potions
 a - a potion of agility
 d - a potion of mutation {unknown}
 e - a potion of curing {unknown}
 g - 3 potions of lignification {unknown}
 j - a potion of haste {unknown}
 n - 2 potions of berserk rage {unknown}
 p - a potion of ambrosia {unknown}
Comestibles
 c - 7 rations


   Skills:
 + Level 4.9 Fighting
 + Level 6.1 Axes
 + Level 5.1 Armour
 + Level 2.6 Dodging
 + Level 0.4 Stealth


You had 6 spell levels left.
You didn't know any spells.
Your spell library was empty.

Dungeon Overview and Level Annotations

Branches:
Dungeon (4/15)
 Temple: D:4-7

Altars:


Innate Abilities, Weirdness & Mutations

You are resistant to torment.
Your stone body is resilient. (AC +4)
You are immune to poison.
You resist negative energy. (rN+)
You are resistant to electric shocks. (rElec)
You can survive without breathing.
You are immune to petrification.
You are immune to rotting.


Message History

You are too injured to fight recklessly!
You are too injured to fight recklessly!
You are too injured to fight recklessly!
You are too injured to fight recklessly!
You are too injured to fight recklessly!
A red film seems to cover your vision as you go berserk!
You feel yourself moving faster!
You feel mighty!
You are starving!
The ogre hits you with a giant spiked club!
* * * LOW HITPOINT WARNING * * *
You slash the ogre!
The ogre is heavily wounded.
Your chain mail prevents you from hitting the ogre.
The ogre is heavily wounded.
The ogre hits you with a giant spiked club.
* * * LOW HITPOINT WARNING * * *
You hit the ogre.
The ogre is severely wounded.
The ogre hits you with a giant spiked club!
You die...

#.#.# #.#'##.####.#
#.#.# #...........#
#.#.###.#'##.####.#
#.....#:#..#.#..#.#
###<###.#..'.'..#.# ##
#.###.####.####.#
##.##.#.............#
##...#.#.#############
#....@.....#
##?.O#..##.# ##.##..#
.# #. #.... # # ##.##.
#.# .. #.# . #.#


You could see an ogre.

Vanquished Creatures
  Grinder (D:3)
  A phantom (D:4)
  An ogre (D:4)
  2 orc priests
  A hound (D:4)
  4 orc wizards
  A worker ant (D:4)
  4 gnolls (D:3)
  3 adders
  An adder skeleton (D:4)
  3 worms
  A dart slug (D:1)
  3 leopard geckos
  20 orcs
  A ball python (D:3)
  6 giant cockroaches
  7 goblins
  8 hobgoblins
  2 jackals (D:3)
  2 quokkas (D:3)
  2 ball python skeletons (D:4)
  9 bats
  9 frilled lizards
  13 kobolds
  A quokka skeleton (D:4)
  11 rats
117 creatures vanquished.

Notes
Turn   | Place    | Note
-------+----------+-------------------------------------------
     0 | D:1      | Fang the Gargoyle Berserker began the quest for the Orb.
     0 | D:1      | Reached XP level 1. HP: 14/14 MP: 1/1
   136 | D:1      | Reached XP level 2. HP: 19/19 MP: 2/2
   235 | D:1      | Reached skill level 3 in Axes
   592 | D:1      | Reached XP level 3. HP: 24/24 MP: 3/3
   638 | D:1      | Reached ** piety under Trog
  1195 | D:2      | Reached XP level 4. HP: 10/29 MP: 4/4
  1751 | D:3      | Reached skill level 4 in Axes
  1758 | D:3      | Reached XP level 5. HP: 33/33 MP: 5/5
  1924 | D:3      | Reached *** piety under Trog
  1937 | D:3      | Reached XP level 6. HP: 23/38 MP: 6/6
  2232 | D:3      | Noticed Grinder
  2267 | D:3      | Killed Grinder
  2267 | D:3      | Reached skill level 5 in Axes
  2267 | D:3      | Reached XP level 7. HP: 24/44 MP: 7/7
  3002 | D:4      | Reached **** piety under Trog
  3393 | D:4      | Reached skill level 5 in Armour
  3456 | D:4      | Reached skill level 6 in Axes
  3473 | D:4      | Mangled by an ogre

Skill      XL: |  1  2  3  4  5  6  7 |
---------------+----------------------+-----
Axes           | 3 4 5 6 |  6.1
Armour         | 3 4 5 |  5.1
Dodging        | 2 |  2.6
Fighting       | 4 |  4.9
Stealth        | |  0.4

Action                   |  1- 3 |  4- 6 |  7- 9 || total
-------------------------+-------+-------+-------++-------
Melee: Hand axe          |   159 |   131 |    96 ||   386
       War axe           |       |       |    26 ||    26
Invok: Berserk           |     2 |     3 |     2 ||     7
  Eat: Chunk             |     2 |     6 |     5 ||    13
Armor: Animal skin       |    24 |       |       ||    24
       Ring mail         |    35 |       |       ||    35
       Chain mail        |       |   108 |    76 ||   184
Dodge: Dodged            |   116 |    80 |    69 ||   265
